[Event "Early-Titled-Tuesday-Blitz-May-14-2024"]
[Site "Chess.com"]
[Date "2024.05.14"]
[Round "4"]
[White "chessfatbear"]
[Black "jankarsten"]
[Result "1-0"]
[WhiteElo "2894"]
[BlackElo "2624"]
[TimeControl "180+1"]
[EndTime "8:43:15 PDT"]
[Termination "chessfatbear won by resignation"]

1. Nf3 Nf6 2. g3 g6 3. Bg2 Bg7 4. O-O O-O 5. d4 d6 6. b3 c5 7. e3 cxd4 8. exd4 d5 9. Bb2 Nc6 10. Nbd2 Bf5 11. Ne5 Rc8 12. Nxc6 bxc6 13. c4 e6 14. Qe2 h5 15. Rfc1 Nd7 16. h3 Qg5 17. Re1 Rfe8 18. Rac1 Qh6 19. Kh2 g5 20. Rcd1 g4 21. h4 Nf6 22. c5 Nd7 23. Qa6 Nxc5 24. dxc5 Bxb2 25. Nf1 Rc7 26. Ne3 Bg6 27. Re2 Bf6 28.
b4 Qf8 29. a3 Rb8 30. Bf1 Qc8 31. Qa5 Kg7 32. Ng2 e5 33. Red2 Rd7 34. Ba6 Qc7 35.
Qa4 Rbd8 36. Ne3 e4 37. Kg2 Bc3 38. Rc2 d4 39. Rxc3 dxc3 40. Rc1 Rd3 41. Bxd3 exd3 42. Rxc3 Be4+ 43. Kg1 d2 44. Nd1 Bf3 45. Qb3 Qe5 46. Rxf3 gxf3 47. Qxf3 Qe1+ 48. Kh2 Qe5 49. Ne3 Rd3 50.
Nf5+ Qxf5 51. Qxf5 d1=Q 52. Qg5+ Kf8 53. Qh6+ Ke8 54.
Qxc6+ Ke7 55. Qc7+ Kf6 56. Qf4+ Ke6 57. Qe4+ Kd7 58. Qb7+ Ke6 59. Qe4+ Kf6 60. Qf4+ Ke7 61.
Qe5+ Kf8 62. Qh8+ Ke7 63. Qe5+ Kd7 64. Qf5+ Kc6 65. Qc8+ Kb5 66. Qb7+ Kc4 67. Qxf7+ Kc3 68. Qf6+ Kc2 69. c6 Qf1 70. c7 Rc3 71. Qxc3+ Kxc3 72. c8=Q+ Kb3 73. Qf5 Ka2 74. a4 Ka3 75. b5 a6 76.
bxa6 Qxa6 77. Qf4 Qf1 78. Qf3+ Ka2 79. Qg2 Qd3 80. Kg1 Ka3 81. Qf1 Qe4 82. Qa1+ Kb3 83.
a5 Qa8 84. a6 Kb4 85. a7 Kb5 86. Qb2+ Kc5 87. Qb8 1-0

[Event "Early-Titled-Tuesday-Blitz-May-14-2024"]
[Site "Chess.com"]
[Date "2024.05.14"]
[Round "4"]
[White "jbking07"]
[Black "Alenzer"]
[Result "0-1"]
[WhiteElo "2377"]
[BlackElo "2219"]
[TimeControl "180+1"]
[EndTime "8:43:16 PDT"]
[Termination "Alenzer won by checkmate"]

1. e4 c5 2. Nf3 e6 3. d4 cxd4 4. Nxd4 Nf6 5. Nc3 Nc6 6. Nxc6 bxc6 7. e5 Nd5 8. Ne4 Qc7 9. f4 Qb6 10. c4 Bb4+ 11. Ke2 f5 12. Nf2 Ne7 13. Nd3 Bc5 14. Nxc5 Qxc5 15. Kf3 g5 16. Be3 Qa5 17. g3 Ng6 18.
Kf2 gxf4 19. gxf4 Qd8 20. Qh5 Qh4+ 21. Qxh4 Nxh4 22. Be2 Ng6 23. Rhg1 c5 24. Bh5 Kf7 25. Bxc5 a5 26. Rad1 a4 27. Rd3 Rb8 28. b3 axb3 29.
axb3 Ra8 30. Ke3 Ra2 31. Rd2 Rxd2 32. Kxd2 Bb7 33. Ke3 Ra8 34. Rd1 Bc6 35. b4 Ra3+ 36. Rd3 Rxd3+ 37. Kxd3 Kg7 38. Ke3 Nh4 39. Kf2 Ng6 40.
Be3 Be4 41. Bf3 Bd3 42. c5 Ne7 43. Bd2 Kf8 44. Ke3 Bb5 45. Be1 Nc6 46. Bh4 Nxb4 47. Kd4 Nc6+ 48. Kc3 Bf1 49. Bg3 Kf7 50. Bxc6 dxc6 51.
Kb4 Ke7 52. Ka5 Kd7 53. Kb6 Bg2 54. Bh4 Bd5 55. Bf6 Be4 56. Kb7 Ke8 57. Kc8 Kf7 58.
Kd7 Bd5 59. h4 Kg6 60. Bg5 Kh5 61. Bf6 Kg4 62. Ke7 Kxf4 63. Kf7 Kg4 64. Kg7 h5 65.
Kg6 f4 66. Bg5 f3 67. Be3 Kg3 68. Kxh5 f2 69. Bxf2+ Kxf2 70. Kg5 Ke3 71. h5 Kd4 72. h6 Be4 73. Kf6 Kd5 74. Ke7 Kxe5 75. Kd7 Kd5 76. Kc7 e5 77. Kb6 Bg6 78. Ka5 e4 79. Kb4 e3 80. Kc3 Kxc5 81. Kb2 Kd4 82. Ka3 c5 83.
Ka2 e2 84. Kb2 e1=Q 85. Ka3 Qb1 86. h7 Bxh7 87. Ka4 Kc4 88. Ka3 Qb3# 0-1

[Event "Early-Titled-Tuesday-Blitz-May-14-2024"]
[Site "Chess.com"]
[Date "2024.05.14"]
[Round "4"]
[White "xxysoul6"]
[Black "Mops_2004"]
[Result "0-1"]
[WhiteElo "2973"]
[BlackElo "2832"]
[TimeControl "180+1"]
[EndTime "8:43:37 PDT"]
[Termination "Mops_2004 won by resignation"]

1. Nf3 Nf6 2. b3 d5 3. Bb2 c6 4. e3 Bf5 5. c4 e6 6. Nc3 h6 7. Be2 Nbd7 8. O-O Bd6 9. h3 O-O 10. d3 Qe7 11. Re1 Bh7 12. Rc1 a6 13. Bf1 e5 14.
Nh2 Rfd8 15. cxd5 cxd5 16. Ng4 b5 17. Nxf6+ Nxf6 18. g3 Bf5 19. Bg2 Be6 20. Ne2 Rac8 21. Qd2 Bb4 22. Bc3 Rxc3 23. Rxc3 d4 24. exd4 exd4 25.
Nxd4 Rxd4 26. Qc2 Bxc3 27. Qxc3 Qd6 28. Rd1 Bf5 29. Bf1 h5 30. Re1 Kh7 31. a3 b4 32.
axb4 Qxb4 33. Qxb4 Rxb4 34. Re5 Kg6 35. d4 Rxb3 36.
Bxa6 Rb1+ 37. Kh2 Rd1 38. Bc4 Rxd4 39. Bxf7+ Kxf7 40. Rxf5 Kg6 41. Rf3 Rd5 42. Kg2 Rf5 43. Re3 Kf7 44. Re2 Rd5 45. Re3 Rd6 46. Re5 Re6 47.
Rb5 Kg6 48. Rb2 Ne4 49. Re2 Kf5 50. Ra2 Rd6 51. Ra5+ Kg6 52. Re5 Nf6 53. Re2 Rd5 54. Ra2 Kf5 55. Re2 g5 56. f3 h4 57. gxh4 gxh4 58.
Kf2 Nh5 59. Re8 Nf4 60. Rf8+ Kg5 61. Rg8+ Ng6 62. Ke3 Ra5 63. Rg7 Ra3+ 64. Ke4 Kf6 65. Rc7 Ra4+ 66. Ke3 Nf4 67. Rc6+ Kg7 68. Rc7+ Kf6 69.
Rc6+ Kf5 70. Rc5+ Ke6 71. Rc6+ Ke5 72. Rc5+ Nd5+ 73. Kd3 Ra3+ 74. Ke2 Kd4 75. Rc6 Nf4+ 76. Ke1 Ra1+ 77. Kf2 Nxh3+ 78. Kg2 Nf4+ 79. Kh2 Ra2+ 80. Kg1 Ke3 81. Rc3+ Ke2 82. Kh2 Kf2 83. Rc4 Kxf3+ 84. Kg1 Kg3 85. Rc3+ Kg4 86. Kh1 Rd2 87. Rc1 Ne2 88.
Re1 Kh3 89. Rg1 Ng3+ 0-1

[Event "Early-Titled-Tuesday-Blitz-May-14-2024"]
[Site "Chess.com"]
[Date "2024.05.14"]
[Round "4"]
[White "jinbojinbo"]
[Black "Blitz_Lover1"]
[Result "1-0"]
[WhiteElo "2663"]
[BlackElo "2311"]
[TimeControl "180+1"]
[EndTime "8:43:48 PDT"]
[Termination "jinbojinbo won by checkmate"]

1. c4 e5 2. Nc3 Nf6 3. Nf3 Nc6 4. g3 d5 5. cxd5 Nxd5 6. Bg2 Nb6 7. O-O Be7 8. a3 Be6 9. d3 O-O 10. Be3 Re8 11.
Rc1 Bf8 12. Ne4 f6 13. Nc5 Bxc5 14. Rxc5 Nd5 15. Bd2 Kh8 16. b4 Nd4 17. Nxd4 exd4 18. b5 Qd6 19. Qc1 a6 20. a4 axb5 21. axb5 Ra2 22.
Rc2 Rxc2 23. Qxc2 Bg8 24. Re1 c6 25. bxc6 bxc6 26. Bf3 c5 27. Rc1 Rc8 28. h4 Ne7 29. Bf4 Qd8 30. h5 c4 31. dxc4 Rxc4 32. Qd1 Rxc1 33.
Bxc1 h6 34. Bb2 Nf5 35. Be4 Be6 36. Qd3 Qd7 37. Kh2 Kg8 38. Kg2 Kh8 39. Kg1 Kg8 40. g4 Nd6 41. Bg6 Bxg4 42. Qxd4 Bf5 43. Qd5+ Be6 44. Qa8+ Nc8 45. Qa1 Bf7 46. Qb1 Ne7 47. Bd3 Bxh5 48. f3 Bf7 49. Qc2 Qc8 50. Qd2 Qe8 51.
Kf1 Bg6 52. Bc4+ Kh7 53. Qe3 Nf5 54. Qxe8 Bxe8 55. Bd3 Bg6 56. e4 Nh4 57. Kf2 h5 58. Kg3 f5 59. Kxh4 fxe4 60. fxe4 Kh6 61. Bc1+ Kh7 62.
Kg5 Bf7 63. e5+ Kg8 64. Bb5 Bd5 65. Kxh5 Kf7 66. Kg5 Ke6 67. Bb2 Bb7 68. Be2 Bd5 69. Bg4+ Ke7 70. Kg6 Bf7+ 71. Kxg7 Bd5 72. Kg6 Bf7+ 73.
Kg5 Bd5 74. Kf4 Bf7 75. Ba3+ Ke8 76. e6 Bxe6 77. Bxe6 Kd8 78. Ke5 Kc7 79. Bf7 Kd7 80. Bd5 Kc7 81. Bd6+ Kb6 82. Kd4 Kb5 83. Bc5 Ka5 84.
Bc6 Ka6 85. Kc4 Ka5 86. Bd7 Ka6 87. Bb5+ Ka5 88. Bb4+ Kb6 89. Bc3 Kc7 90. Kc5 Kb7 91. Ba5 Ka7 92. Kc6 Kb8 93. Bc7+ Ka7 94. Bc4 Ka8 95. Bb6 Kb8 96. Ba5 Kc8 97. Ba6+ Kb8 98. Kb6 Ka8 99. Bb4 Kb8 100. Bd6+ Ka8 101. Bb7# 1-0

[Event "Early-Titled-Tuesday-Blitz-May-14-2024"]
[Site "Chess.com"]
[Date "2024.05.14"]
[Round "4"]
[White "kleinebeer98"]
[Black "Evan_Attaker"]
[Result "1/2-1/2"]
[WhiteElo "2970"]
[BlackElo "2643"]
[TimeControl "180+1"]
[EndTime "8:44:04 PDT"]
[Termination "Game drawn by 50-move rule"]

1. b3 d6 2. Bb2 Nd7 3. g3 Ngf6 4. Bg2 g6 5. e3 Bg7 6. d3 O-O 7. Nd2 c6 8. c4 Qc7 9. Ngf3 b6 10. O-O Bb7 11.
b4 a5 12. a3 c5 13. Qb3 d5 14. Rac1 axb4 15. axb4 dxc4 16. Nxc4 Nd5 17. Bxg7 Kxg7 18.
bxc5 Nxc5 19. Qc2 Na4 20. Nd4 Nb4 21. Qb3 Bxg2 22. Kxg2 Qc5 23. Rb1 Nd5 24. Rfc1 Rfc8 25. Nxb6 Qxb6 26. Qxd5 Qf6 27. Rxc8 Rxc8 28. Qd7 Ra8 29.
Nf3 Nc3 30. Rb7 Ra2 31. Qxe7 Nd1 32. Qxf6+ Kxf6 33. Nd4 Nxe3+ 34. Kf3 Nd1 35. Ne2 Rd2 36. Rb6+ Kg7 37. Rb3 h5 38. h4 f6 39. d4 g5 40.
hxg5 fxg5 41. Rb5 Kg6 42. Rb6+ Kf5 43. Rb5+ Kg6 44. Re5 Rd3+ 45. Kg2 Kf6 46. f4 gxf4 47. gxf4 h4 48. Rh5 Ne3+ 49. Kf3 Nf5+ 50. Ke4 Re3+ 51. Kd5 Rxe2 52. Kc5 Rc2+ 53. Kd5 Rd2 54. Kc5 Rxd4 55. Rxh4 Rd8 56. Rh1 Rd4 57. Rf1 Ra4 58. Rf2 Ne3 59. Kb5 Re4 60. Kc5 Kf5 61. Kb5 Nd5 62. Kc5 Nxf4 63.
Kd6 Rd4+ 64. Kc5 Rd8 65. Rf1 Ke4 66. Re1+ Kf3 67. Rf1+ Ke3 68. Re1+ Ne2 69. Kc6 Rd2 70. Kc7 Ke4 71. Rh1 Nf4 72. Ra1 Ke5 73. Re1+ Kd5 74.
Kd7 Ra2 75. Rd1+ Ke5 76. Re1+ Kf5 77. Rf1 Rc2 78. Kd6 Rd2+ 79. Kc7 Ke5 80. Re1+ Ne2 81. Ra1 Rc2+ 82. Kd7 Nd4 83. Ra5+ Ke4 84. Rh5 Ra2 85.
Rh4+ Ke5 86. Rh5+ Nf5 87. Kc6 Rc2+ 88. Kb5 Rf2 89. Kc5 Ke4 90. Rh8 Rc2+ 91. Kb4 Kd4 92. Rd8+ Ke4 93. Re8+ Kd3 94. Rd8+ Nd4 95. Ka5 Rb2 96.
Rc8 Rb7 97. Ka6 Rb1 98. Ka7 Ke4 99. Rc5 Ne6 100. Ra5 Kd4 101. Rh5 Nc5 102. Ka8 Kc4 103. Ka7 Rb7+ 104. Ka8 Rg7 105. Kb8 Kb5 106. Kc8 Rg8+ 107. Kc7 Rg7+ 108. Kd6 Rd7+ 109. Ke5 Kc4 110. Rh4+ Kb5 111. Kf5 Re7 112. Rh1 Kc6 1/2-1/2

[Event "Early-Titled-Tuesday-Blitz-May-14-2024"]
[Site "Chess.com"]
[Date "2024.05.14"]
[Round "4"]
[White "Casablanca"]
[Black "YouJustFoundYourGodfather"]
[Result "1/2-1/2"]
[WhiteElo "2719"]
[BlackElo "2565"]
[TimeControl "180+1"]
[EndTime "8:44:21 PDT"]
[Termination "Game drawn by 50-move rule"]

1. Nf3 d5 2. d4 Nf6 3. c4 c6 4.
Qc2 g6 5. Bf4 Bg7 6. e3 O-O 7. Bd3 Bg4 8. Ne5 Be6 9. h3 Nbd7 10. Nd2 Nxe5 11. Bxe5 Rc8 12. c5 b6 13. b4 Qd7 14. a4 Ne8 15. Bxg7 Nxg7 16. Qc3 Bf5 17.
Be2 Rfe8 18. cxb6 axb6 19. a5 bxa5 20. bxa5 e5 21. Nb3 exd4 22. exd4 Qe7 23. Ra2 Qg5 24. O-O Ne6 25. Qg3 Qxg3 26. fxg3 Rb8 27. Ra3 Rxb3 28.
Rxb3 Nxd4 29. Ra3 Nxe2+ 30. Kf2 Nd4 31. a6 Nb5 32. Ra5 d4 33. Rc1 Be4 34. g4 f5 35.
gxf5 gxf5 36. Rc5 Kf7 37. g4 Ke6 38. gxf5+ Kd6 39. Rc4 Kd5 40. Rb4 Kc5 41. Rb2 d3 42. f6 Bd5 43. Rd2 Kc4 44. Rd1 Kc3 45. Raa1 d2 46. Kg3 Rf8 47. a7 Ra8 48. Kf4 Rxa7 49. Rxa7 Nxa7 50. Ke5 Nb5 51. Rg1 Kc2 52. f7 d1=Q 53.
Rxd1 Bxf7 54. Rd7 Bg6 55. Rd8 Kc3 56. Rc8 Na7 57. Rc7 Nb5 58. Rxc6+ Kb4 59. Rc8 Nc3 60.
h4 Ne2 61. Kf6 Nf4 62. Kg5 Ne6+ 63. Kh6 Nf4 64. Rc1 Nd3 65. Rc7 Ne5 66. h5 Bc2 67.
Kg7 Bb1 68. h6 Bg6 69. Rc8 Ng4 70. Rh8 Nxh6 71. Kxh6 Kc5 72. Rd8 Kc6 73. Rd2 Kc7 74. Kg5 Kc6 75. Kf6 Kc5 76. Ke5 Kc4 77. Rd7 Kc3 78.
Rd6 Kb2 79. Rc6 Bc2 80. Kd4 Bg6 81. Rb6+ Ka1 82. Kc3 Bb1 83. Ra6+ Ba2 84. Ra7 Kb1 85.
Rxh7 Ka1 86. Rh1+ Bb1 87. Rh2 Ba2 88. Rb2 Bb1 89. Rb7 Ba2 90. Kd2 Bb1 91. Rb6 Ba2 92.
Kc1 Bc4 93. Rh6 Ba2 94. Rh4 Bb3 95. Kd2 Kb2 96. Kd3 Ba2 97. Kd4 Bb3 98. Rh2+ Bc2 99. Rf2 Kb3 100. Rf3+ Kb2 101. Rc3 Bb3 102. Rc5 Bc2 103. Rb5+ Bb3 104. Kd3 Ka2 105. Kc3 Be6 106. Ra5+ Kb1 107. Ra6 Bd5 108. Ra7 Bg8 109. Kd2 Kb2 110. Rb7+ Bb3 111. Kd3 Ka2 112. Ra7+ Kb2 113. Rg7 Bd5 114. Rg1 Bb3 115.
Kd4 Bc2 116. Rg2 Kb3 117. Rg3+ Kb2 118. Rg8 Bb3 119. Rc8 Bc2 120. Kc4 Bb3+ 121. Kb4 Bc2 122. Rc3 Bd1 123. Rg3 Bc2 124. Rg2 Kb1 125. Kc3 Bf5 126. Rb2+ Ka1 127. Rb5 Bb1 128. Kd2 Ba2 129. Rh5 Kb2 130. Rh1 Bb3 131. Rc1 Ba2 132. Rc7 Bb3 133. Kd3 Ba2 134. Rb7+ Bb3 135. Kd4 1/2-1/2

[Event "Early-Titled-Tuesday-Blitz-May-14-2024"]
[Site "Chess.com"]
[Date "2024.05.14"]
[Round "5"]
[White "hsd2016"]
[Black "Lion-Al-Messi"]
[Result "0-1"]
[WhiteElo "2327"]
[BlackElo "2566"]
[TimeControl "180+1"]
[EndTime "8:51:38 PDT"]
[Termination "Lion-Al-Messi won by resignation"]

1. e4 e6 2. d4 d5 3. Nd2 c5 4. Ngf3 cxd4 5. Nxd4 Nf6 6. e5 Nfd7 7. f4 Nxe5 8. Bb5+ Nec6 9. O-O Bc5 10. Nf3 Qb6 11. c3 Qxb5 12. Kh1 Bxd4 13. Nxd4 Nxd4 14. Qxd4 Qxf1+ 0-1

[Event "Early-Titled-Tuesday-Blitz-May-14-2024"]
[Site "Chess.com"]
[Date "2024.05.14"]
[Round "5"]
[White "Felix-Rose"]
[Black "Tigranpatagonian"]
[Result "1-0"]
[WhiteElo "2257"]
[BlackElo "2373"]
[TimeControl "180+1"]
[EndTime "8:52:44 PDT"]
[Termination "Felix-Rose won by resignation"]

1. e4 e6 2. d4 d5 3. Nc3 Bb4 4. e5 c5 5. a3 Bxc3+ 6. bxc3 Qc7 7. Qg4 f5 8. Qg3 Nc6 9. Ne2 cxd4 10. cxd4 Nge7 11. c3 O-O 12. h4 b6 13. h5 Ba6 14. Nf4 Bxf1 15. Nxe6 1-0

[Event "Early-Titled-Tuesday-Blitz-May-14-2024"]
[Site "Chess.com"]
[Date "2024.05.14"]
[Round "5"]
[White "Denisenko_Denis"]
[Black "RojonR"]
[Result "0-1"]
[WhiteElo "2439"]
[BlackElo "2610"]
[TimeControl "180+1"]
[EndTime "8:52:49 PDT"]
[Termination "RojonR won by resignation"]

1. e4 c5 2. Nf3 Nc6 3. d4 cxd4 4. Nxd4 Qc7 5. Nc3 e6 6. Be2 a6 7. O-O Nf6 8. Be3 Bb4 9. Na4 Be7 10. Nxc6 bxc6 11.
Nb6 Rb8 12. Nxc8 Qxc8 13. e5 Nd5 14. Bd4 c5 15. c4 cxd4 16. cxd5 Qc5 17. d6 Bd8 18. f4 d3+ 19. Kh1 dxe2 20. Qxe2 O-O 21. Qxa6 Rxb2 22. Rf3 Qc2 23. Rg3 Rb1+ 0-1

[Event "Early-Titled-Tuesday-Blitz-May-14-2024"]
[Site "Chess.com"]
[Date "2024.05.14"]
[Round "5"]
[White "SirGerhard"]
[Black "Kostya0705"]
[Result "1-0"]
[WhiteElo "2730"]
[BlackElo "2573"]
[TimeControl "180+1"]
[EndTime "8:52:53 PDT"]
[Termination "SirGerhard won by resignation"]

1. d4 Nf6 2. Nf3 d5 3. c4 e6 4. Nc3 Bb4 5. Qa4+ Nc6 6. e3 O-O 7. Bd2 Bd7 8. Qc2 Rc8 9. a3 Be7 10. Bd3 dxc4 11. Bxc4 a6 12. O-O b5 13. Bd3 h6 14. Ne4 Nxe4 15. Bxe4 Na7 16. Ba5 Qe8 17. Bb7 Rb8 18. Qxc7 Bd8 19. Qxb8 Bxa5 20. Qxa7 1-0

[Event "Early-Titled-Tuesday-Blitz-May-14-2024"]
[Site "Chess.com"]
[Date "2024.05.14"]
[Round "5"]
[White "WilsonPalencia21"]
[Black "chito89"]
[Result "0-1"]
[WhiteElo "2596"]
[BlackElo "2802"]
[TimeControl "180+1"]
[EndTime "8:52:54 PDT"]
[Termination "chito89 won by resignation"]

1. d4 d5 2. c4 e6 3. Nf3 c6 4.
Nc3 dxc4 5. a4 Bb4 6. e3 b5 7.
Bd2 a5 8. axb5 Bxc3 9. Bxc3 cxb5 10. d5 Nf6 11. dxe6 Qxd1+ 12. Kxd1 Bxe6 13. Rxa5 Rxa5 14. Bxa5 Nc6 15. Be1 O-O 16. Kc1 Ra8 17. Kb1 Bf5+ 0-1

[Event "Early-Titled-Tuesday-Blitz-May-14-2024"]
[Site "Chess.com"]
[Date "2024.05.14"]
[Round "5"]
[White "SidArun"]
[Black "Perecke"]
[Result "0-1"]
[WhiteElo "2355"]
[BlackElo "2573"]
[TimeControl "180+1"]
[EndTime "8:52:55 PDT"]
[Termination "Perecke won by resignation"]

1. d4 Nf6 2. Nc3 d5 3. Bf4 a6 4. e3 c5 5. dxc5 Nc6 6. a3 e5 7.
Bg5 d4 8. Ne4 Be7 9. exd4 Nxe4 10. Bxe7 Qxe7 11. d5 Qxc5 12. Qf3 Qxd5 13. Rd1 Nd4 14.
Qd3 Bf5 15. c3 Nxf2 0-1

[Event "Early-Titled-Tuesday-Blitz-May-14-2024"]
[Site "Chess.com"]
[Date "2024.05.14"]
[Round "5"]
[White "HandKnit"]
[Black "NCchamp"]
[Result "1-0"]
[WhiteElo "2496"]
[BlackElo "2312"]
[TimeControl "180+1"]
[EndTime "8:53:12 PDT"]
[Termination "HandKnit won by resignation"]

1. e4 c6 2. d4 d5 3. Nc3 dxe4 4. Nxe4 Nf6 5. Ng3 g6 6. h4 Bg7 7.
h5 Bg4 8. Be2 Bxe2 9. N1xe2 Nxh5 10.
Nxh5 gxh5 11. Rxh5 Nd7 12. Bh6 Bxh6 13. Rxh6 Nf6 14.
Qd3 Qa5+ 15. c3 O-O-O 16. Qh3+ Kb8 17. Qe3 Rhe8 18. Qe5+ Rd6 19. Qxa5 1-0

[Event "Early-Titled-Tuesday-Blitz-May-14-2024"]
[Site "Chess.com"]
[Date "2024.05.14"]
[Round "5"]
[White "ChessBliss09"]
[Black "Philosopherrr"]
[Result "1-0"]
[WhiteElo "2233"]
[BlackElo "2389"]
[TimeControl "180+1"]
[EndTime "8:53:16 PDT"]
[Termination "ChessBliss09 won by checkmate"]

1. c4 e5 2. Nc3 Nf6 3. Nf3 Nc6 4. g3 Bb4 5. d3 O-O 6. Bg2 d5 7. cxd5 Nxd5 8. Bd2 Be6 9. O-O f6 10. a3 Be7 11.
Rc1 Nb6 12. Na4 Nxa4 13. Qxa4 Kh8 14. b4 a6 15. Be3 Bd5 16. Bc5 b5 17. Bxe7 Nxe7 18. Qc2 a5 19. Qxc7 axb4 20. axb4 Bg8 21. Nxe5 fxe5 22. Bxa8 Qxa8 23. Qxe7 Re8 24. Qd7 h6 25.
Rc7 Be6 26. Qxg7# 1-0

[Event "Early-Titled-Tuesday-Blitz-May-14-2024"]
[Site "Chess.com"]
[Date "2024.05.14"]
[Round "5"]
[White "monomita"]
[Black "LionKing2367890"]
[Result "1-0"]
[WhiteElo "2755"]
[BlackElo "2262"]
[TimeControl "180+1"]
[EndTime "8:53:17 PDT"]
[Termination "monomita won by resignation"]

1. f3 e5 2. Nc3 d5 3. e4 d4 4.
Nce2 c5 5. Ng3 Nc6 6. Bc4 g6 7. d3 Bg7 8. f4 Nf6 9. Nf3 Ng4 10. O-O O-O 11. f5 h5 12. fxg6 h4 13. gxf7+ Kh8 14.
Nf5 Bxf5 15. exf5 Qf6 16. Bg5 Qxf5 17. Qd2 h3 18. Nxd4 1-0

[Event "Early-Titled-Tuesday-Blitz-May-14-2024"]
[Site "Chess.com"]
[Date "2024.05.14"]
[Round "5"]
[White "ferdipy"]
[Black "ural58"]
[Result "0-1"]
[WhiteElo "2302"]
[BlackElo "2480"]
[TimeControl "180+1"]
[EndTime "8:53:29 PDT"]
[Termination "ural58 won by resignation"]

1. e4 d5 2. exd5 Qxd5 3. Nc3 Qa5 4.
d4 Nf6 5. Nf3 Nc6 6. Bc4 Bg4 7.
Be3 O-O-O 8. O-O e5 9. d5 e4 10.
Nxe4 Nxe4 11. Qd3 Nf6 12. Ng5 Ne5 13. Qd4 Nxc4 14. Qxc4 Qxd5 15. Qxd5 Rxd5 16. Nxf7 Rg8 17. f3 Bh5 18. Ng5 Bc5 19. Bxc5 Rxc5 20. Nh3 Rxc2 21. Rac1 Rxc1 22. Rxc1 Bf7 23. a3 Rd8 24. Rc2 h6 25. Nf4 g5 26. Ne2 Bg6 27. Rc1 Rd2 28. Nc3 Rxb2 29. Re1 Rb3 30. Na4 Rb1 31. Nc5 Rxe1+ 0-1

[Event "Early-Titled-Tuesday-Blitz-May-14-2024"]
[Site "Chess.com"]
[Date "2024.05.14"]
[Round "5"]
[White "Fh2411"]
[Black "NMChessToImpress"]
[Result "1-0"]
[WhiteElo "2557"]
[BlackElo "2272"]
[TimeControl "180+1"]
[EndTime "8:54:00 PDT"]
[Termination "Fh2411 won by resignation"]

1. d4 e6 2. Nf3 Nf6 3. Bf4 c5 4. e3 b6 5. Nbd2 Bb7 6. Nc4 d5 7. Nce5 a6 8. Ng5 Qc8 9. Nexf7 Rg8 10. Ne5 Nbd7 11. Bd3 c4 12. Bxh7 Nxh7 13. Qh5+ Kd8 14. Nxe6+ 1-0

[Event "Early-Titled-Tuesday-Blitz-May-14-2024"]
[Site "Chess.com"]
[Date "2024.05.14"]
[Round "5"]
[White "BelyakovBogdan"]
[Black "InitiatingASC"]
[Result "1-0"]
[WhiteElo "2595"]
[BlackElo "2422"]
[TimeControl "180+1"]
[EndTime "8:54:05 PDT"]
[Termination "BelyakovBogdan won by checkmate"]

1. e4 c5 2. Nf3 Nc6 3. Bb5 Nf6 4. e5 Nd5 5. O-O Nc7 6. Bxc6 bxc6 7. d4 Ne6 8. Nc3 cxd4 9. Nxd4 Nxd4 10. Qxd4 Qb6 11. Qh4 Ba6 12. Re1 O-O-O 13. Be3 Qxb2 14. Qa4 Bb7 15.
Qxa7 Qxc3 16. Reb1 Qxa1 17. Qxb7# 1-0

[Event "Early-Titled-Tuesday-Blitz-May-14-2024"]
[Site "Chess.com"]
[Date "2024.05.14"]
[Round "5"]
[White "mfschulz"]
[Black "ChessSwole"]
[Result "0-1"]
[WhiteElo "2320"]
[BlackElo "2599"]
[TimeControl "180+1"]
[EndTime "8:54:09 PDT"]
[Termination "ChessSwole won by resignation"]

1. d4 d5 2. Bg5 f6 3. Bf4 Nc6 4. Nf3 h5 5. h4 Nh6 6. c3 Nf7 7. e3 e5 8. dxe5 fxe5 9. Bg5 Nxg5 10. Nxg5 Be7 11. Be2 g6 12. Nf3 Be6 13. Nbd2 Qd6 14. Qc2 Bf5 15. e4 dxe4 16. Nxe4 Qd5 17. Bd3 O-O-O 18.
O-O-O Qxa2 19. Nfg5 Rhf8 20. f3 Na5 21. Kd2 Bxg5+ 22. hxg5 Bxe4 23. fxe4 Rf2+ 0-1

[Event "Early-Titled-Tuesday-Blitz-May-14-2024"]
[Site "Chess.com"]
[Date "2024.05.14"]
[Round "5"]
[White "ContrVersia"]
[Black "TregubovP"]
[Result "1-0"]
[WhiteElo "2904"]
[BlackElo "2709"]
[TimeControl "180+1"]
[EndTime "8:54:22 PDT"]
[Termination "ContrVersia won by resignation"]

1. Nf3 Nf6 2. c4 Nc6 3. g3 e5 4. Bg2 Bc5 5. O-O O-O 6. Nc3 d6 7. d3 h6 8. Na4 Qe7 9. Nxc5 dxc5 10. Nd2 Bd7 11. b3 Rad8 12. Bb2 b6 13. Re1 Nd4 14.
a3 Nh7 15. e3 Nc6 16. Qc2 Ng5 17. d4 Nh3+ 18. Kf1 exd4 19. exd4 Qf6 20. Ne4 Qg6 21. d5 Nd4 22. Bxd4 cxd4 23. Qd3 f5 24. Nd2 f4 25. Qxg6 1-0

[Event "Early-Titled-Tuesday-Blitz-May-14-2024"]
[Site "Chess.com"]
[Date "2024.05.14"]
[Round "5"]
[White "Kirill_Klukin"]
[Black "NelsonLinda"]
[Result "1-0"]
[WhiteElo "2825"]
[BlackElo "2619"]
[TimeControl "180+1"]
[EndTime "8:54:32 PDT"]
[Termination "Kirill_Klukin won by resignation"]

1. d4 Nf6 2. Nf3 g6 3. e3 Bg7 4. Be2 O-O 5. O-O d6 6. c4 Nbd7 7. Nc3 e5 8. Qc2 Re8 9. b4 e4 10. Nd2 Qe7 11. Bb2 h5 12. Rfc1 Nf8 13. Nd5 Nxd5 14. cxd5 Bd7 15. Qxc7 Rec8 16. Qxb7 Rcb8 17. Qc7 Rxb4 18. Ba3 Rb6 19. Nc4 Rc8 20. Qxa7 Qd8 21. Nxb6 1-0

[Event "Early-Titled-Tuesday-Blitz-May-14-2024"]
[Site "Chess.com"]
[Date "2024.05.14"]
[Round "5"]
[White "petearrpan"]
[Black "stamatolog13"]
[Result "0-1"]
[WhiteElo "2243"]
[BlackElo "2560"]
[TimeControl "180+1"]
[EndTime "8:54:32 PDT"]
[Termination "stamatolog13 won by resignation"]

1. e4 e6 2. d4 d5 3. Nc3 Bb4 4. e5 c5 5. a3 Bxc3+ 6. bxc3 Ne7 7.
Nf3 Nbc6 8. a4 Qa5 9. Qd2 Bd7 10. Ba3 cxd4 11. cxd4 Qxd2+ 12. Kxd2 Nf5 13. Bb2 Na5 14. Bd3 Nc4+ 15. Bxc4 dxc4 16. a5 Bc6 17. Ne1 O-O-O 18. c3 g5 19. f3 h5 20. Nc2 g4 21. Rhf1 Rhg8 22. fxg4 Rxg4 23. g3 h4 24. Na3 Bd5 25.
Nb5 a6 26. Nd6+ Rxd6 27. exd6 hxg3 28. hxg3 Kd7 29. Ba3 Rxg3 30. Rg1 Rd3+ 31. Kc2 Ne3+ 32. Kb2 Rd2+ 33. Kc1 Rc2+ 34. Kb1 Be4 35. Rg7 Rg2+ 0-1

[Event "Early-Titled-Tuesday-Blitz-May-14-2024"]
[Site "Chess.com"]
[Date "2024.05.14"]
[Round "5"]
[White "ChainedDowntohell"]
[Black "NewYearGirl"]
[Result "1-0"]
[WhiteElo "2593"]
[BlackElo "2392"]
[TimeControl "180+1"]
[EndTime "8:55:00 PDT"]
[Termination "ChainedDowntohell won by resignation"]

1. d4 Nf6 2. c4 c5 3. d5 b5 4.
Nf3 e6 5. dxe6 fxe6 6. Nc3 b4 7. Na4 Bb7 8. g3 Be7 9. Bg2 O-O 10. O-O d6 11. a3 a5 12. Bf4 e5 13. Bg5 Nc6 14.
Nh4 e4 15. Nf5 Nd4 16. Nxd4 cxd4 17. Qxd4 Bc6 18. Nb6 Ra6 19. c5 dxc5 20. Qc4+ Kh8 21. Qxa6 Qc7 22. Bf4 Qb8 23. Bxb8 1-0

[Event "Early-Titled-Tuesday-Blitz-May-14-2024"]
[Site "Chess.com"]
[Date "2024.05.14"]
[Round "5"]
[White "Oleksandr_Bortnyk"]
[Black "Der_Balak_3Halak"]
[Result "1-0"]
[WhiteElo "3046"]
[BlackElo "2396"]
[TimeControl "180+1"]
[EndTime "8:55:02 PDT"]
[Termination "Oleksandr_Bortnyk won by resignation"]

1. e4 c5 2. c3 Nf6 3. e5 Nd5 4.
d4 cxd4 5. Nf3 Nc6 6. cxd4 d6 7. Bc4 Nb6 8. Bb5 dxe5 9. Nxe5 Bd7 10. Nxd7 Qxd7 11.
Nc3 e6 12. O-O a6 13. Bxc6 Qxc6 14. Qg4 Nd5 15. Nxd5 Qxd5 16. Bf4 f6 17. Rac1 Rd8 18. Rc7 g6 19. Re1 f5 20. Qg5 Bd6 21. Qf6 Bxc7 22.
Rxe6+ Kd7 23. Qe7+ 1-0

[Event "Early-Titled-Tuesday-Blitz-May-14-2024"]
[Site "Chess.com"]
[Date "2024.05.14"]
[Round "5"]
[White "DarZay"]
[Black "Flawless_Fighter"]
[Result "0-1"]
[WhiteElo "2324"]
[BlackElo "2680"]
[TimeControl "180+1"]
[EndTime "8:55:06 PDT"]
[Termination "Flawless_Fighter won by resignation"]

1. e4 c6 2. d4 d5 3. e5 Bf5 4. c3 e6 5. f4 h5 6. Nf3 Ne7 7.
Qb3 Qb6 8. Qxb6 axb6 9. Nbd2 Nd7 10. c4 dxc4 11. Nxc4 Nd5 12. a3 b5 13. Ne3 Bb4+ 14. Kf2 Be7 15. Nxd5 exd5 16. Bd2 O-O 17. Be2 Nb6 18.
Ne1 Nc4 19. Bc3 b4 20. Bxc4 bxc3 21. Bd3 cxb2 22. Rb1 Bxd3 23. Nxd3 Rxa3 24. Nxb2 Rfa8 25. Rhe1 Rb3 26. Re3 Rb4 27. Re2 Ra2 28. Kf3 Rb3+ 29. Kf2 Ba3 0-1